 Dungeon Crawl Stone Soup version 0.18.1-8-gdd0e5ea (webtiles) character file.

886 stigmas the Grave Robber (level 7, 0/52 HPs)
             Began as a Demonspawn Necromancer on June 8, 2016.
             Slain by an orc warrior
             ... wielding a +0 halberd
              (8 damage)
             ... on level 6 of the Dungeon.
             The game lasted 00:12:55 (4942 turns).

stigmas the Grave Robber (Demonspawn Necromancer)   Turns: 4942, Time: 00:12:56

Health: 0/52       AC: 13    Str: 10    XL:     7   Next: 76%
Magic:  12/12      EV: 14    Int: 17    God:
Gold:   223        SH:  0    Dex: 13    Spells: 3 memorised, 8 levels left

rFire  . . .     SeeInvis .     i - +3 dagger (venom)
rCold  . . .     Gourm    .     w - +4 ring mail
rNeg   . . .     Faith    .     (no shield)
rPois  .         Spirit   .     (no helmet)
rElec  .         Dismiss  .     (no cloak)
rCorr  .         Reflect  .     (no gloves)
SustAt .         Harm     .     (no boots)
MR     .....                    (no amulet)
Stlth  +.........               k - ring of wizardry
                                d - +3 ring of evasion

@: not resistant to hostile enchantments, very unstealthy
A: hooves 1, iridescent scales 1, powered by pain 2, spiny 1
a: no special abilities


You were on level 6 of the Dungeon.
You were not hungry.

You visited 2 branches of the dungeon, and saw 7 of its levels.

You collected 223 gold pieces.

Inventory:

Hand Weapons
 g - a +0 long sword
 i - a +3 dagger of venom (weapon)
Armour
 w - a +4 ring mail (worn)
Jewellery
 d - a +3 ring of evasion (left hand)
 k - a ring of wizardry (right hand)
Scrolls
 f - 7 scrolls of identify {unknown}
 h - 3 scrolls of remove curse
 j - a scroll of fog {unknown}
 l - a scroll of magic mapping {unknown}
 m - a scroll of enchant weapon {unknown}
 p - a scroll of amnesia {unknown}
 r - a scroll of recharging {unknown}
 s - a scroll of blinking {unknown}
 v - a scroll of immolation {unknown}
 y - a scroll of random uselessness {unknown}
Potions
 a - a potion of brilliance {unknown}
 e - a potion of haste {unknown}
 q - a potion of heal wounds {unknown}
 t - a potion of cancellation {unknown}
 u - a potion of invisibility {unknown}
 x - a potion of curing {unknown}
Books
 b - a book of Necromancy

   Spells                             Type                      Level
   a - Pain                           Necromancy                   1
   b - Animate Skeleton               Necromancy                   1
   c - Vampiric Draining              Necromancy                   3
   d - Regeneration                   Charms/Necromancy            3
   e - Animate Dead                   Necromancy                   4
   f - Control Undead                 Necromancy                   4
Comestibles
 c - 2 bread rations
 n - a beef jerky
 o - 3 meat rations
 z - a slice of pizza


   Skills:
 * Level 3.2 Fighting
 - Level 2.0(2.1) Short Blades
 * Level 0.8(1.5) Long Blades
 + Level 3.1 Armour
 + Level 4.0 Dodging
 - Level 1.7 Stealth
 * Level 3.5 Spellcasting
 * Level 6.1 Necromancy


You had 8 spell levels left.
You knew the following spells:

 Your Spells              Type           Power        Failure   Level  Hunger
a - Pain                  Necr           ###.         1%          1    None
b - Animate Skeleton      Necr           N/A          1%          1    None
c - Vampiric Draining     Necr           ###.......   4%          3    ###....


Dungeon Overview and Level Annotations

Branches:
Dungeon (6/15)             Temple (1/1) D:4

Altars:
Ashenzari
Cheibriados
Dithmenos
Elyvilon
Fedhas
Kikubaaqudgha
Okawaru
Pakellas
Qazlal
Ru
Sif Muna
Trog
Vehumet
Xom
Yredelemnul
Zin


Innate Abilities, Weirdness & Mutations

You have large cloven feet.
You are partially covered in iridescent scales (AC +4).
You sometimes gain power by taking damage.
You are partially covered in sharp spines.


Message History

The orc warrior hits you from afar with a halberd.
You hit the orc wizard.
The orc wizard is severely wounded.
The orc wizard is struck by your spines.
You kill the orc wizard!
The orc warrior hits you with a halberd!!
Things that are here:
a dagger; a robe; a scorpion corpse You closely miss the orc warrior.
The orc wizard gestures at you while chanting.
The magic dart hits you!
The orc warrior is struck by your spines.
The orc warrior hits you with a halberd!
* * * LOW HITPOINT WARNING * * *
You hit the orc warrior.
The orc warrior is poisoned.
You kick the orc warrior, but do no damage.
The orc warrior is moderately wounded.
The orc wizard misses you.
The orc warrior hits you with a halberd!
You die...

....... ..
....... ..
.....# .#
....##.#
#.###...#.###
...........
...###o..#.#
......oo.<.#
..#####@####
#†# #######.#
........#
#########


You could see an orc warrior, an orc wizard and an orc.

Vanquished Creatures
  Edmund (D:4)
  An ogre (D:5)
  Blork the orc (D:4)
  A scorpion (D:6)
  3 howler monkeys
  A crimson imp (D:5)
  3 orc wizards
  Jessica (D:3)
  2 iguanas
  3 worker ants
  Robin (D:4)
  6 adders
  2 oozes (D:3)
  5 worms
  5 dart slugs
  A giant gecko (D:2)
  7 orcs
  14 bats
  4 giant cockroaches
  15 hobgoblins
  3 jackals (D:3)
  7 kobolds
  4 ball pythons
  A giant cockroach zombie (D:5)
  A giant gecko zombie (D:5)
  5 giant newts
  15 goblins
  A jackal zombie (D:5)
  8 rats
122 creatures vanquished.

Notes
Turn   | Place    | Note
--------------------------------------------------------------
     0 | D:1      | stigmas the Demonspawn Necromancer began the quest for the Orb.
     0 | D:1      | Reached XP level 1. HP: 13/13 MP: 3/3
   352 | D:1      | Gained mutation: You sometimes gain a little power by taking damage. [demonic ancestry]
   352 | D:1      | Reached XP level 2. HP: 8/20 MP: 5/5
  1555 | D:1      | Reached XP level 3. HP: 25/25 MP: 6/6
  1589 | D:1      | Reached skill level 5 in Necromancy
  1809 | D:2      | Learned a level 1 spell: Animate Skeleton
  1814 | D:2      | Learned a level 3 spell: Vampiric Draining
  1877 | D:2      | Found a white marble altar of Elyvilon.
  2213 | D:2      | Found a shimmering altar of Xom.
  2706 | D:3      | Reached skill level 1 in Fighting
  2724 | D:3      | Found a snail-covered altar of Cheibriados.
  2726 | D:3      | Gained mutation: You are partially covered in sharp spines. [demonic ancestry]
  2726 | D:3      | Reached XP level 4. HP: 31/32 MP: 7/7
  2745 | D:3      | Reached skill level 1 in Armour
  2880 | D:3      | Noticed Jessica
  2888 | D:3      | Killed Jessica
  3017 | D:3      | Gained mutation: You are partially covered in iridescent scales (AC +4). [demonic ancestry]
  3017 | D:3      | Reached XP level 5. HP: 37/37 MP: 8/8
  3212 | D:4      | Noticed Robin
  3239 | D:4      | Reached skill level 1 in Short Blades
  3242 | D:4      | Killed Robin
  3273 | D:4      | Noticed Edmund
  3284 | D:4      | Killed Edmund
  3284 | D:4      | Gained mutation: You sometimes gain power by taking damage. [demonic ancestry]
  3284 | D:4      | Reached XP level 6. HP: 38/44 MP: 8/10
  3359 | D:4      | Noticed Blork the orc
  3369 | D:4      | Killed Blork the orc
  3491 | D:4      | Found a sacrificial altar of Ru.
  3708 | D:4      | Found an oddly glowing altar of Pakellas.
  3789 | D:4      | Found a staircase to the Ecumenical Temple.
  3812 | D:4      | Gained mutation: You have large cloven feet. [demonic ancestry]
  3812 | D:4      | Reached XP level 7. HP: 51/51 MP: 11/11
  3814 | Temple   | Entered the Ecumenical Temple
  4172 | D:5      | Entered Level 5 of the Dungeon
  4677 | D:5      | Reached skill level 6 in Necromancy
  4942 | D:6      | Slain by an orc warrior

Skill      XL: |  1  2  3  4  5  6  7 |
---------------+----------------------+-----
Necromancy     | 5 6 |  6.1
Dodging        | 2 3 4 |  4.0
Fighting       | 1 2 3 |  3.2
Armour         | 1 2 3 |  3.1
Short Blades   | 1 2 |  2.0
Spellcasting   | 3 |  3.5
Long Blades    | |  0.8
Stealth        | |  1.7

Action                   |  1- 3 |  4- 6 |  7- 9 || total
-------------------------+-------+-------+-------++-------
Melee: Dagger            |   162 |   104 |    56 ||   322
       Unarmed           |     5 |       |       ||     5
       Kick              |       |       |    10 ||    10
 Cast: Pain              |     9 |       |       ||     9
       Vampiric Draining |       |     1 |       ||     1
  Use: Scroll            |     1 |     1 |       ||     2
 Stab: Sleeping          |     2 |     1 |       ||     3
  Eat: Chunk             |     6 |     3 |       ||     9
       Meat ration       |       |     1 |       ||     1
Armor: Ring mail         |    35 |    28 |    15 ||    78
       Robe              |     3 |       |       ||     3
Dodge: Dodged            |   133 |    67 |    30 ||   230
